 Dungeon Crawl Stone Soup version 0.24.0-29-g8ce449bc06 (webtiles) character file.

Game seed: 17077176977760884133, levelgen mode: deterministic

407 Gildeon the Cleaver (level 6, 0/51 HPs)
             Began as a Minotaur Fighter on Nov 14, 2019.
             Succumbed to a gnoll's poison
             ... on level 3 of the Dungeon on Nov 15, 2019.
             The game lasted 00:06:10 (1832 turns).

Gildeon the Cleaver (Minotaur Fighter)              Turns: 1832, Time: 00:06:10

Health: 0/51       AC: 11    Str: 21    XL:     6   Next: 57%
Magic:  5/5        EV:  3    Int:  5    God:
Gold:   91         SH:  9    Dex: 11    Spells: 5/5 levels left

rFire    . . .     SeeInvis .   a - +0 war axe
rCold    . . .     Gourm    .   c - +0 shield
rNeg     . . .     Faith    .   i - +0 plate armour
rPois    .         Spirit   .   (helmet restricted)
rElec    .         Reflect  .   (no cloak)
rCorr    .         Harm     .   (no gloves)
MR       .....                  (no boots)
Stlth    ..........             (no amulet)
HPRegen  0.17/turn              (no ring)
MPRegen  0.09/turn              (no ring)

@: lethally poisoned (0 -> -6)
A: retaliatory headbutt, horns 2
a: no special abilities


You were on level 3 of the Dungeon.
You were not hungry.

You visited 1 branch of the dungeon, and saw 3 of its levels.

You collected 91 gold pieces.

Inventory:

Hand Weapons
 a - a +0 war axe (weapon)
 j - a +0 club
Armour
 c - a +0 shield (worn)
 i - a +0 plate armour (worn)
Scrolls
 e - 2 scrolls of magic mapping
 h - 2 scrolls of teleportation {unknown}
 k - a scroll of remove curse {unknown}
 m - a scroll of amnesia {unknown}
Potions
 l - a potion of haste
Comestibles
 f - 4 rations
 g - 3 chunks of flesh


   Skills:
 - Level 3.6 Fighting
 + Level 8.6 Axes
 - Level 3.6 Armour
 - Level 3.6 Shields


You had 5 spell levels left.
You didn't know any spells.
Your spell library was empty.

Dungeon Overview and Level Annotations

Branches:
Dungeon (3/15)

Altars:
Trog


Innate Abilities, Weirdness & Mutations

You reflexively headbutt those who attack you in melee.
You have a pair of horns on your head.


Message History

The orc is severely wounded.
You hit the orc. You slash the orc priest!
You kill the orc priest!
You hit the hobgoblin.
You kill the hobgoblin!
* * * LOW HITPOINT WARNING * * *
You feel sick. You block the orc's attack. The orc hits you but does no damage.
Your shield and plate armour prevent you from hitting the orc.
The orc is severely wounded.
You hit the orc.
You kill the orc!
* * * LOW HITPOINT WARNING * * *
You feel sick. You block the orc's attack.
Your shield and plate armour prevent you from hitting the orc.
The orc is severely wounded.
* * * LOW HITPOINT WARNING * * *
You feel sick. The orc hits you but does no damage.
You closely miss the orc. You headbutt the orc.
You kill the orc!
You die...

#.##### ########.....#
.........# #.###########
.........# #.........##.
.........# #.......#.##.
.........###.......#.##.
......).)))......#.#.##.
.....#.)###.###.#.#.#.(
... #@)# #.# #.#......
.........# #.# #.(...#..
#........# #.........#..
#........# #####.....#..
#......... ...###.#.#
#....##.### ##..# #.#..
#.... #.# ... .....
#.... #.# ##. #.###


There were no monsters in sight!

Vanquished Creatures
  Sigmund (D:2)
  An orc wizard (D:3)
  An orc priest (D:3)
  Natasha (D:2)
  Robin (D:2)
  4 gnolls
  An adder (D:2)
  2 oozes (D:1)
  A worm (D:2)
  2 dart slugs
  A leopard gecko (D:2)
  8 orcs (D:3)
  A giant cockroach (D:2)
  12 goblins
  17 hobgoblins
  7 jackals
  A quokka (D:2)
  A ball python (D:2)
  5 bats
  5 frilled lizards
  5 kobolds
  2 rats
80 creatures vanquished.

Notes
Turn   | Place    | Note
-------+----------+-------------------------------------------
     0 | D:1      | Gildeon the Minotaur Fighter began the quest for the Orb.
     0 | D:1      | Reached XP level 1. HP: 19/19 MP: 0/0
    38 | D:1      | Reached skill level 3 in Axes
    89 | D:1      | Reached XP level 2. HP: 24/26 MP: 1/1
   222 | D:1      | Reached skill level 4 in Axes
   222 | D:1      | Reached XP level 3. HP: 31/31 MP: 2/2
   636 | D:2      | Noticed Robin
   650 | D:2      | Killed Robin
   650 | D:2      | Reached skill level 5 in Axes
   662 | D:2      | Reached XP level 4. HP: 23/39 MP: 3/3
   880 | D:2      | Noticed Sigmund
   892 | D:2      | Killed Sigmund
   892 | D:2      | Reached skill level 7 in Axes
   892 | D:2      | Reached XP level 5. HP: 33/45 MP: 4/4
  1292 | D:2      | Reached XP level 6. HP: 48/51 MP: 5/5
  1309 | D:2      | Found a bloodstained altar of Trog.
  1484 | D:3      | Noticed Natasha
  1514 | D:2      | Killed Natasha
  1724 | D:3      | Reached skill level 8 in Axes
  1828 | D:3      | HP: 2/51 [poisoned by a gnoll]
  1832 | D:3      | Succumbed to a gnoll's poison

Levels and vault maps discovered:
D:1:      erik_arrival_gehennom, layout_rooms, minmay_pentomino_z4
D:2:      layout_loops_cross, lightli_temple_of_fire, uniq_sigmund, uniq_robin
D:3:      layout_basic, lemuel_coloured_pillars_altar, lemuel_round_altar,
          gammafunk_ghost_split, first_ration, uniq_natasha

Skill      XL: |  1  2  3  4  5  6 |
---------------+-------------------+-----
Axes           | 3 4 5 7 8 |  8.6
Fighting       | |  3.6
Armour         | |  3.6
Shields        | |  3.6

Action                   |  1- 3 |  4- 6 || total
-------------------------+-------+-------++-------
Melee: War axe           |    55 |   126 ||   181
       Headbutt          |     9 |    21 ||    30
  Use: Scroll            |     2 |     1 ||     3
       Potion            |       |     2 ||     2
  Eat: Chunk             |       |     3 ||     3
Armor: Scale mail        |     5 |       ||     5
       Plate armour      |    44 |   105 ||   149
Dodge: Dodged            |    22 |    17 ||    39
Block: Shield            |    39 |    67 ||   106
